AoeStats
← .ebz

Arena

508629870Analyzed
4v4 RM · 10d ago on Sep 23, 2026· 36m 57s· 8 players
Game mode
Random Map
Map size
Large (8 player)
Population
200
Speed
Normal
Resources
Standard
Victory
Conquest
Starting age
Dark Age
Ending age
Imperial Age
RankedLock teamsTeams togetherTeam positionsShared explorationLock speedFull tech treeHidden civsTurbo modeCheats
Victory
Defeat
🇨🇳 Khmer · China
1133
+12
🇵🇱 Bulgarians · Poland
1079
+14
🇨🇳 Mongols · China
1055
+15
🇬🇧 Slavs · United Kingdom
1013
+18
🇮🇩 Mongols · Indonesia
1101
-17
🇹🇼 Khmer · Taiwan
1061
-16
🇹🇼 Vietnamese · Taiwan
1024
-14
🇨🇳 Japanese · China
986
-12
GG豪大
11:21 Feudal Age
15:32 Castle Age
13:40 Double-Bit Axe
19:47 Wheelbarrow
20:37 Loom
23:37 Hand Cart
25:22 Bow Saw
28:18 Imperial Age
25:58 Stone Mining
28:34 Stone Shaft Mining
27:49 Gold Mining
28:08 Padded Archer Armor
27:53 Horse Collar
29:24 Leather Archer Armor
29:36 Bloodlines
29:27 Husbandry
28:51 Cavalier
30:24 Gold Shaft Mining
31:24 Chemistry
31:13 Scale Barding Armor
31:19 Forging
32:33 Chain Barding Armor
34:35 Conscription
33:58 Light Cavalry
35:26 Plate Barding Armor
35:26 Iron Casting
37:30 Ring Archer Armor
Ween
10:20 Feudal Age
11:51 Double-Bit Axe
14:45 Castle Age
14:20 Horse Collar
27:09 Forging
27:21 Loom
29:27 Bloodlines
世紀垃圾
11:06 Feudal Age
15:36 Castle Age
14:21 Double-Bit Axe
14:39 Horse Collar
16:31 Bow Saw
24:48 Wheelbarrow
29:29 Imperial Age
26:46 Loom
27:06 Scale Mail Armor
28:04 Hand Cart
28:07 Chain Mail Armor
28:02 Forging
28:20 Forging
28:21 Squires
31:11 Iron Casting
31:09 Plate Mail Armor
31:43 Two-Man Saw
30:48 Heavy Plow
31:38 Gold Mining
31:39 Stone Mining
33:01 Elite Fire Lancer
zcy2825309606
11:25 Feudal Age
11:55 Double-Bit Axe
12:39 Horse Collar
17:24 Castle Age
15:48 Gold Mining
16:43 Stone Mining
32:24 Loom
33:53 Wheelbarrow
35:18 Hand Cart
3122521604
9:54 Feudal Age
12:54 Castle Age
12:17 Horse Collar
14:17 Heavy Plow
15:51 Loom
19:29 Double-Bit Axe
24:05 Wheelbarrow
24:11 Bow Saw
27:53 Imperial Age
26:50 Hand Cart
26:43 Caravan
30:10 Gold Mining
30:11 Stone Mining
31:35 Coinage
32:14 Coinage
32:30 Elite Ballista Elephant
33:31 Conscription
34:21 Double Crossbow
35:09 Gold Shaft Mining
35:09 Stone Shaft Mining
35:21 Bloodlines
35:12 Husbandry
35:16 Padded Archer Armor
36:49 Banking
Money Lin
10:00 Feudal Age
15:10 Castle Age
16:41 Double-Bit Axe
17:55 Horse Collar
21:36 Forging
23:33 Bloodlines
23:27 Husbandry
24:46 Wheelbarrow
25:13 Iron Casting
25:04 Heavy Plow
29:35 Scale Barding Armor
32:44 Imperial Age
30:31 Hand Cart
32:48 Chain Barding Armor
32:46 Elite Steppe Lancer
34:35 Blast Furnace
Cereal_Killer
10:19 Feudal Age
14:18 Castle Age
13:22 Double-Bit Axe
14:01 Horse Collar
19:17 Bow Saw
20:32 Wheelbarrow
27:47 Imperial Age
25:36 Hand Cart
25:41 Fortified Wall
25:48 Fortified Wall
25:50 Loom
25:30 Man-at-Arms
26:11 Squires
26:25 Forging
26:46 Long Swordsman
27:56 Capped Ram
27:59 Two-Handed Swordsman
28:58 Block Printing
28:53 Redemption
28:49 Siege Ram
30:56 Champion
32:15 Druzhina
32:56 Iron Casting
32:22 Scale Mail Armor
.ebz
11:13 Feudal Age
9:41 Loom
10:01 Loom
14:58 Castle Age
13:27 Double-Bit Axe
13:42 Horse Collar
14:33 Fletching
22:42 Town Watch
23:35 Wheelbarrow
25:34 Bodkin Arrow
26:15 Hand Cart
32:57 Gold Mining
33:27 Masonry
33:13 Murder Holes
35:00 Ballistics
38:13 Imperial Age
37:16 Scale Mail Armor
37:26 Forging
Connection lost

Rejoining the realm…

Still unreachable

The connection could not be restored.

Session expired

The server has moved on; the page needs a fresh start.